 Dungeon Crawl Stone Soup version 0.24.0-28-g17ded55e90 (webtiles) character file.

Game seed: 17689727484993061989, levelgen mode: deterministic

1091 Ildaen the Ruffian (level 8, 0/78 HPs)
             Began as a Troll Fighter on Nov 12, 2019.
             Was an Initiate of Wu Jian.
             Slain by a wight
             ... wielding a +0 spear
              (1 damage)
             ... on level 8 of the Dungeon.
             The game lasted 00:28:00 (1936 turns).

Ildaen the Ruffian (Troll Fighter)                  Turns: 1936, Time: 00:28:00

Health: 0/78       AC:  6    Str: 27    XL:     8   Next: 9%
Magic:  7/7        EV:  8    Int: 10    God:    Wu Jian [......]
Gold:   223        SH:  9    Dex:  9    Spells: 7/7 levels left

rFire    + . .     SeeInvis .     - Unarmed
rCold    . . .     Gourm    +   b - +0 shield
rNeg     . . .     Faith    .   a - +0 robe
rPois    .         Spirit   .   (helmet restricted)
rElec    .         Reflect  .   (no cloak)
rCorr    .         Harm     .   (gloves unavailable)
MR       .....                  (boots unavailable)
Stlth    +.........             (no amulet)
HPRegen  0.63/turn              k - +6 ring of intelligence
MPRegen  0.10/turn              n - ring of protection from fire

@: heavily drained
A: large, unfitting armour, claws 3, fast metabolism 3, gourmand, regeneration
1, shaggy fur 1, tough skin 3
a: Renounce Religion


You were on level 8 of the Dungeon.
You worshipped Wu Jian.
Wu Jian was noncommittal.
You were very full.

You visited 2 branches of the dungeon, and saw 9 of its levels.

You collected 223 gold pieces.

Inventory:

Armour
 a - a +0 robe (worn)
 b - a +0 shield (worn)
Jewellery
 k - a +6 ring of intelligence (left claw)
 n - a ring of protection from fire (right claw)
Wands
 i - a wand of digging (3)
Scrolls
 e - a scroll of amnesia {unknown}
 f - a scroll of magic mapping {unknown}
 h - a scroll of identify {unknown}
 l - a scroll of remove curse {unknown}
 m - a scroll of enchant weapon {unknown}
 o - a scroll of random uselessness {unknown}
Potions
 c - a potion of might
 g - 2 potions of curing
 j - a potion of invisibility {unknown}
 p - 4 potions of degeneration {unknown}
 q - 2 potions of heal wounds {unknown}
Comestibles
 d - 11 rations
 r - 6 chunks of flesh


   Skills:
 + Level 3.7(2.1) Fighting
 + Level 4.1(2.4) Dodging
 + Level 0.7(0.0) Stealth
 + Level 4.5(2.8) Shields
 + Level 6.3(4.5) Unarmed Combat


You had 7 spell levels left.
You didn't know any spells.
Your spell library was empty.

Dungeon Overview and Level Annotations

Branches:
Dungeon (8/15)             Temple (1/1) D:6
   Lair: D:8-11

Altars:
Ashenzari
Cheibriados
Dithmenos
Elyvilon
Fedhas
Gozag
Hepliaklqana
Kikubaaqudgha
Makhleb
Nemelex Xobeh
Okawaru
Ru
Sif Muna
Trog
Uskayaw
Vehumet
Wu Jian
Xom
Yredelemnul
Zin
The Shining One

Annotations:
D:3 1 runed translucent door, Crazy Yiuf


Innate Abilities, Weirdness & Mutations

You are too large for most types of armour.
You have claws for hands.
Your metabolism is lightning-fast.
You like to eat raw meat.
Your natural rate of healing is unusually fast.
You are covered in fur. (AC +1)
You have extremely tough skin. (AC +3)


Message History

Your shield prevents you from hitting the wight.
The wight hits you with a +0 spear!
* * * LOW HITPOINT WARNING * * *
You feel drained.
* * * LOW HITPOINT WARNING * * *
You barely miss the wight. You barely miss the wight.
You block the wight's attack.
You claw the wight!
The wight is almost destroyed.
The wight hits you with a +0 spear.
* * * LOW HITPOINT WARNING * * *
You feel drained.
* * * LOW HITPOINT WARNING * * *
An adder zombie comes into view.
You closely miss the wight.
The wight is almost destroyed.
The wight hits you with a +0 spear.
* * * LOW HITPOINT WARNING * * *
You feel drained.
You die...

#. .###.#.
#.##.......
#.#<.......
#..........
#......z...
##)#####...
#.# ..
#z##### #
#.@?..#
#####Z# #


You could see a wight and an adder zombie (wandering).

Vanquished Creatures
  An ice beast (D:6)
  2 ogres
  4 phantoms
  2 bullfrogs (D:7)
  2 wights
  A crimson imp (D:6)
  A hound (D:4)
  Ijyb (D:4)
  An iguana (D:4)
  2 orc wizards (D:6)
  A worker ant (D:6)
  A hound zombie (D:5)
  2 adders
  An ooze (D:5)
  An adder zombie (D:5)
  A worm (D:4)
  A leopard gecko (D:6)
  14 orcs
  A bat (D:2)
  A giant cockroach (D:6)
  4 goblins
  A hobgoblin (D:3)
  4 kobolds
  A quokka (D:5)
  A ball python zombie (D:5)
  A quokka zombie (D:6)
  A rat (D:3)
54 creatures vanquished.

Notes
Turn   | Place    | Note
-------+----------+-------------------------------------------
     0 | D:1      | Ildaen the Troll Fighter began the quest for the Orb.
     0 | D:1      | Reached XP level 1. HP: 22/22 MP: 0/0
    50 | D:2      | Noticed a wight
    60 | D:2      | Killed a wight
    60 | D:2      | Reached XP level 2. HP: 29/29 MP: 1/1
    60 | D:2      | Reached XP level 3. HP: 36/36 MP: 2/2
   165 | D:3      | Found a runed translucent door.
   166 | D:3      | Noticed Crazy Yiuf
   322 | D:4      | Reached XP level 4. HP: 44/45 MP: 3/3
   372 | D:4      | Noticed Ijyb
   386 | D:4      | Killed Ijyb
   386 | D:4      | Reached XP level 5. HP: 36/53 MP: 4/4
   503 | D:4      | Reached skill level 3 in Unarmed Combat
   520 | D:5      | Entered Level 5 of the Dungeon
   666 | D:5      | Noticed a phantom
   719 | D:5      | Killed a phantom
   780 | D:5      | Noticed a phantom
   795 | D:5      | Killed a phantom
   795 | D:5      | Reached skill level 4 in Unarmed Combat
   795 | D:5      | Reached XP level 6. HP: 56/61 MP: 5/5
  1225 | D:6      | Reached XP level 7. HP: 40/67 MP: 6/6
  1273 | D:6      | Reached skill level 5 in Unarmed Combat
  1446 | D:6      | Found a staircase to the Ecumenical Temple.
  1452 | Temple   | Entered the Ecumenical Temple
  1586 | Temple   | Became a worshipper of the Wu Jian Council
  1886 | D:7      | Reached skill level 6 in Unarmed Combat
  1915 | D:8      | Reached XP level 8. HP: 16/78 MP: 7/7
  1935 | D:8      | HP: 2/78 [wight/+0 spear (2)]
  1936 | D:8      | Slain by a wight

Levels and vault maps discovered:
D:1:      evilmike_arrival_rings, layout_basic
D:2:      layout_basic, corexii_hall_statues_deadend, minmay_pentomino_o2
D:3:      minmay_goblin_kobold_castle, layout_basic, first_ration,
          uniq_crazy_yiuf_cottage
D:4:      layout_loops_ring, grunt_dithmenos_smoke, uniq_ijyb
D:5:      layout_gridville, chequers_serial_rivers_micro_d
D:6:      layout_rooms, minmay_temple_entry_arrows
D:7:      kennysheep_spiral_hall, layout_loops_cross, grunt_qazlal_sundering
D:8:      layout_basic
Temple:   kilobyte_greek_temple

Skill      XL: |  1  2  3  4  5  6  7 |
---------------+----------------------+-----
Shields        | 3 4 |  4.5
Fighting       | 3 |  3.7
Dodging        | 3 4 |  4.1
Unarmed Combat | 4 6 |  6.3
Stealth        | |  0.7

Action                   |  1- 3 |  4- 6 |  7- 9 || total
-------------------------+-------+-------+-------++-------
Melee: Unarmed           |    52 |   102 |    99 ||   253
  Use: Potion            |       |       |     1 ||     1
 Stab: Sleeping          |     1 |       |     1 ||     2
  Eat: Chunk             |     8 |     4 |    11 ||    23
Armor: Robe              |    14 |    23 |    18 ||    55
Dodge: Dodged            |     9 |    23 |    28 ||    60
Block: Shield            |    22 |    33 |    38 ||    93
